 Dungeon Crawl Stone Soup version 0.23.0-3-gf3c87f2df8 (webtiles) character file.

Game seed: 14951352569582640935

1771 blaro the Cleaver (level 8, -2/70 HPs)
             Began as a Minotaur Fighter on Feb 20, 2019.
             Was an Initiate of Okawaru.
             Slain by an ogre
             ... wielding a +0 giant club
              (26 damage)
             ... on level 1 of the Orcish Mines.
             The game lasted 00:25:27 (4970 turns).

blaro the Cleaver (Minotaur Fighter)                Turns: 4970, Time: 00:25:29

Health: -2/70      AC: 10    Str: 24    XL:     8   Next: 80%
Magic:  7/7        EV:  9    Int:  5    God:    Okawaru [......]
Gold:   188        SH: 10    Dex:  9    Spells: 7/7 levels left

rFire    . . .     SeeInvis .   k - +2 war axe (chop)
rCold    . . .     Gourm    .   c - +0 shield
rNeg     . . .     Faith    .   b - +1 scale mail
rPois    .         Spirit   .   (helmet restricted)
rElec    .         Reflect  .   i - +0 cloak
rCorr    .         Harm     .   (no gloves)
MR       .....                  (no boots)
Stlth    ..........             (no amulet)
HPRegen  0.21/turn              (no ring)
MPRegen  0.10/turn              (no ring)

@: no status effects
A: retaliatory headbutt, horns 2
a: Renounce Religion


You were on level 1 of the Orcish Mines.
You worshipped Okawaru.
Okawaru was noncommittal.
You were not hungry.

You visited 3 branches of the dungeon, and saw 9 of its levels.

You collected 188 gold pieces.

Inventory:

Hand Weapons
 a - a +0 war axe
 k - a +2 war axe of chopping (weapon)
 q - a +2 rapier of venom
 x - a +4 flail of venom
Armour
 b - a +1 scale mail (worn)
 c - a +0 shield (worn)
 i - a +0 cloak (worn)
 j - a +1 helmet of see invisible
Jewellery
 g - a +2 ring of intelligence
Wands
 m - a wand of polymorph (8)
Scrolls
 e - 3 scrolls of amnesia
 h - 2 scrolls of identify
 l - a scroll of remove curse
 n - 2 scrolls of magic mapping
 p - a scroll of fog
 s - 2 scrolls of fear
 y - a scroll of enchant armour
 z - a scroll of teleportation
Potions
 d - 2 potions of might
 o - a potion of heal wounds {unknown}
 r - a potion of ambrosia {unknown}
 t - a potion of degeneration {unknown}
 u - 2 potions of lignification {unknown}
 v - 2 potions of curing {unknown}
 w - a potion of agility {unknown}
Comestibles
 f - 5 rations


   Skills:
 + Level 6.1 Fighting
 + Level 9.2 Axes
 + Level 7.0 Armour
 + Level 2.9 Dodging
 + Level 0.1 Stealth
 + Level 6.7 Shields


You had 7 spell levels left.
You didn't know any spells.
Your spell library was empty.

Dungeon Overview and Level Annotations

Branches:
Dungeon (9/15)             Temple (1/1) D:5             Orc (1/2) D:9
   Lair: D:8-11

Altars:
Ashenzari
Elyvilon
Fedhas
Gozag
Hepliaklqana
Kikubaaqudgha
Makhleb
Nemelex Xobeh
Okawaru
Qazlal
Ru
Sif Muna
Trog
Uskayaw
Vehumet
Wu Jian
Xom
Yredelemnul
Zin
The Shining One


Innate Abilities, Weirdness & Mutations

You reflexively headbutt those who attack you in melee.
You have a pair of horns on your head.


Message History

You barely miss the troll. Your headbutt misses the troll.
An orc priest comes into view. It is wielding a +0 hand axe.
The troll bites you but does no damage. You block the troll's attack.
The troll claws you.
You closely miss the troll. The troll barely misses you.
The troll claws you but does no damage. The troll claws you!
You slice the troll!!
The troll is severely wounded.
You hear a shout!
The troll bites you but does no damage. The troll claws you!
The troll claws you.
An ogre comes into view. It is wielding a +0 giant club.
You closely miss the troll.
The troll is severely wounded.
You hit the ogre.
The orc priest invokes the aid of Beogh against you.
Beogh smites you! You block the troll's attack.
The troll claws you but does no damage. The troll claws you.
The ogre hits you with a +0 giant club!!
You die...

.. ...## ..#.## ....#
#. # #..### ###... .
##....###.##.#
....##O#........#.##
..o.$.T@.......#...#
................#.#
.........#......#.###
........$.........<.##
.....................#
.......^..........#.##
..........#.........#
.>..........##.......#
...... ##.#.#.##


You could see a troll, an ogre and an orc priest.

Vanquished Creatures
  Pikel (D:4)
  The ghost of Baz the Shield-Bearer, a novice FoFi (D:4)
  Menkaure (D:6)
  Edmund (D:6)
  A slave (D:4)
  2 ogres
  A bullfrog (D:6)
  A howler monkey (D:9)
  A bullfrog zombie (D:6)
  A crimson imp (D:9)
  2 hounds
  A jelly (D:5)
  An iguana (D:6)
  2 bullfrog skeletons
  2 orc wizards (D:4)
  4 worker ants
  A worker ant zombie (D:5)
  3 gnolls (D:5)
  8 adders
  A shadow imp (D:5)
  2 dart slugs (D:1)
  3 worms
  5 leopard geckos
  12 orcs
  6 giant cockroaches
  7 goblins
  5 hobgoblins
  6 kobolds
  3 quokkas
  A ball python (D:2)
  5 bats
  2 frilled lizards (D:2)
  A leopard gecko zombie (D:5)
  A quokka skeleton (D:5)
  3 rats (D:2)
  5 toadstools (D:1)
103 creatures vanquished.

Vanquished Creatures (others)
  An ogre (D:4)
1 creature vanquished.

Grand Total: 104 creatures vanquished

Notes
Turn   | Place    | Note
-------+----------+-------------------------------------------
     0 | D:1      | blaro the Minotaur Fighter began the quest for the Orb.
     0 | D:1      | Reached XP level 1. HP: 19/19 MP: 0/0
   158 | D:1      | Reached XP level 2. HP: 26/27 MP: 1/1
   839 | D:2      | Reached XP level 3. HP: 33/33 MP: 2/2
  1311 | D:2      | Found a white marble altar of Elyvilon.
  1505 | D:2      | Reached skill level 3 in Axes
  1690 | D:3      | Found a shattered altar of Ashenzari.
  1790 | D:3      | Reached XP level 4. HP: 23/40 MP: 3/3
  2005 | D:3      | Found a bloodstained altar of Trog.
  2441 | D:4      | Found a runed translucent door.
  2447 | D:4      | Noticed Baz's ghost (novice FoFi)
  2459 | D:4      | Killed Baz's ghost
  2459 | D:4      | Reached skill level 5 in Axes
  2459 | D:4      | Reached skill level 5 in Armour
  2459 | D:4      | Reached skill level 1 in Dodging
  2459 | D:4      | Reached skill level 5 in Shields
  2459 | D:4      | Reached XP level 5. HP: 33/47 MP: 4/4
  2459 | D:4      | Reached XP level 6. HP: 37/53 MP: 5/5
  2514 | D:4      | Reached skill level 6 in Axes
  2523 | D:4      | Reached XP level 7. HP: 24/60 MP: 6/6
  2975 | D:4      | Noticed Pikel
  2993 | D:4      | Killed Pikel
  2993 | D:4      | Reached skill level 5 in Fighting
  2993 | D:4      | Reached skill level 7 in Axes
  2993 | D:4      | Reached XP level 8. HP: 23/69 MP: 7/7
  3404 | D:5      | Entered Level 5 of the Dungeon
  3439 | D:5      | Reached skill level 8 in Axes
  3774 | D:5      | Found a staircase to the Ecumenical Temple.
  3780 | Temple   | Entered the Ecumenical Temple
  3879 | Temple   | Became a worshipper of Warmaster Okawaru
  4318 | D:5      | Found a deep blue altar of Sif Muna.
  4356 | D:6      | Noticed Edmund
  4356 | D:6      | Noticed Menkaure
  4362 | D:6      | Killed Edmund
  4366 | D:6      | Killed Menkaure
  4366 | D:6      | Reached skill level 9 in Axes
  4715 | D:6      | You fall through a shaft for 3 floors!
  4868 | D:9      | Found a staircase to the Orcish Mines.
  4947 | Orc:1    | Entered Level 1 of the Orcish Mines
  4963 | Orc:1    | Noticed a troll
  4970 | Orc:1    | Slain by an ogre

Skill      XL: |  1  2  3  4  5  6  7  8 |
---------------+-------------------------+-----
Shields        | 4 5 6 |  6.7
Armour         | 4 5 6 7 |  7.0
Fighting       | 4 5 6 |  6.1
Axes           | 3 5 6 7 9 |  9.2
Dodging        | 1 2 |  2.9
Stealth        | |  0.1

Action                   |  1- 3 |  4- 6 |  7- 9 || total
-------------------------+-------+-------+-------++-------
Melee: War axe           |   102 |    31 |   120 ||   253
       Headbutt          |     8 |     9 |    11 ||    28
  Use: Scroll            |     8 |     2 |     2 ||    12
  Eat: Ration            |     1 |     1 |     2 ||     4
Armor: Scale mail        |    42 |    16 |    56 ||   114
Dodge: Dodged            |    22 |    14 |    49 ||    85
Block: Shield            |    64 |    30 |    64 ||   158
